 Dungeon Crawl Stone Soup version 0.30-a0-341-g682706514a (webtiles) character file.

Game seed: 14926677100894911364

803 Muataran the Chopper (level 7, -6/61 HPs)
             Began as a Hill Orc Fighter on Nov 1, 2022.
             Was a Follower of Qazlal.
             Killed from afar by an electric eel (10 damage)
             ... with a bolt of electricity
             ... on level 6 of the Dungeon.
             The game lasted 00:04:56 (4490 turns).

Muataran the Chopper (Hill Orc Fighter)             Turns: 4490, Time: 00:04:56

Health: -6/61      AC:  9    Str: 21    XL:     7   Next: 91%
Magic:  10/10      EV:  9    Int:  8    God:    Qazlal [*.....]
Gold:   329        SH:  6    Dex: 10    Spells: 6/6 levels left

rFire   . . .      SeeInvis .    a - +0 war axe (spect)
rCold   . . .      Faith    .    c - +0 buckler
rNeg    . . .      Spirit   .    b - +0 scale mail
rPois   +          Reflect  .    (no helmet)
rElec   .          Harm     .    t - +0 cloak {rPois}
rCorr   .          Rampage  .    (no gloves)
Will    .....                    m - +0 pair of boots
Stlth   ..........               (no amulet)
HPRegen 0.30/turn                (no ring)
MPRegen 0.12/turn                (no ring)

@: no status effects
A: no striking features
a: Renounce Religion


You were on level 6 of the Dungeon.
You worshipped Qazlal.
Qazlal was aware of your devotion.
You visited 1 branch of the dungeon, and saw 6 of its levels.

You collected 329 gold pieces.

Inventory:

Hand Weapons
 a - a +0 spectral war axe (weapon)
Armour
 b - a +0 scale mail (worn)
 c - a +0 buckler (worn)
 m - a +0 pair of boots (worn)
 t - a +0 cloak of poison resistance (worn)
Jewellery
 h - a +4 ring of protection
 l - a ring of resist corrosion
Wands
 n - a wand of paralysis (11)
 o - a wand of flame (11)
 w - a wand of mindburst (12)
Scrolls
 g - 5 scrolls of identify
 i - 3 scrolls of fog {unknown}
 j - 2 scrolls of teleportation
 k - 2 scrolls of fear
 p - a scroll of blinking {unknown}
 u - a scroll of brand weapon
 x - a scroll of poison {unknown}
Potions
 d - 2 potions of might
 e - 3 potions of heal wounds {unknown}
 f - 2 potions of flight
 q - 2 potions of haste {unknown}
 r - 2 potions of lignification {unknown}
 s - a potion of magic {unknown}
 v - 2 potions of curing {unknown}


   Skills:
 + Level 5.6 Fighting
 * Level 7.1 Axes
 + Level 5.1 Armour
 - Level 4.0 Shields
 * Level 5.2 Invocations


You had 6 spell levels left.
You didn't know any spells.
Your spell library contained the following spells:

 Spells                   Type           Power      Damage    Failure   Level
 Freeze                   Ice            0%         1d3       82%         1
 Sandblast                Erth           0%         2d4       82%         1
 Slow                     Hex            0%         N/A       82%         1
 Sting                    Tmut/Pois      0%         1d3       82%         1
 Passwall                 Tmut/Erth      0%         N/A       91%         2
 Poisonous Vapours        Pois/Air       0%         N/A       91%         2
 Confusing Touch          Hex            0%         N/A       99%         3
 Frozen Ramparts          Ice            0%         1d1       99%         3
 Hailstorm                Conj/Ice       0%         3d3       99%         3
 Stone Arrow              Conj/Erth      0%         3d7       99%         3
 Vampiric Draining        Necr           0%         2d6       99%         3
 Olgreb's Toxic Radiance  Pois           0%         N/A       100%        4


Dungeon Overview and Level Annotations

Branches:
Dungeon (6/15)
 Temple: D:4-7

Altars:
Qazlal
Sif Muna
Trog
Yredelemnul
Beogh

Annotations:
D:4 3 runed translucent doors, gabagool's ghost, amateur KoHu


Message History

The electric eel shoots out a bolt of lightning at you!
The bolt of electricity hits the plant.
The plant begins to die.
The bolt of electricity hits you!
The white imp hits you but does no damage.
You closely miss the white imp. You slash the plant!
Your +0 spectral war axe hits the plant!
The electric eel shoots out a bolt of lightning at you!
The bolt of electricity hits the plant.
The bolt of electricity hits you! The white imp gestures at you.
The puff of frost misses you.
You barely miss the white imp. You hit the plant but do no damage.
Your +0 spectral war axe hits the plant!!
The electric eel shoots out a bolt of lightning at you!
The bolt of electricity hits the plant!
The bolt of electricity hits you! The white imp gestures at you.
The puff of frost misses you.
You are too injured to fight recklessly!
Aiming: Throw Flame
Press: ? - help, Shift-Dir - straight line, f - electric eel
Aim: an electric eel (48% to hit)
Your line of fire to the electric eel is blocked by a plant.
Unknown command.
The white imp attacks as you move away! You block the white imp's attack.
A nearby plant withers and dies.
The white imp gestures at you. The puff of frost misses you.
The electric eel shoots out a bolt of lightning at you!
The bolt of electricity hits the white imp!
The bolt of electricity hits you. The bolt of electricity hits you!
* * * LOW HITPOINT WARNING * * *
The white imp gestures at you. The puff of frost hits you!
* * * LOW HITPOINT WARNING * * *
Okay, then.
The electric eel shoots out a bolt of lightning at you!
The bolt of electricity hits you.
* * * LOW HITPOINT WARNING * * *
The electric eel shoots out a bolt of lightning at you!
The bolt of electricity hits you!
You die...

. ..# #.#.# # #.#
#.#.# # ##.## #.#.# #
######...####.#.# #
#.............#.# ##
#.##.......####.#
.####..........####.#
.......#.......#....#
.#####.###...#.#@####
######.###...#.#.#
............##.#.#
##.........###.#.# #
.######♣♣♣♣♣♣#.# #
#♣~~~~P~♣.# #
~P~~~P~~♣.##
~~≈~~S~~S5.#
≈≈~≈~~~~~~..#


You could see an electric eel and a white imp.

Vanquished Creatures
  A water moccasin (D:5)
  An ice beast (D:5)
  2 black bears
  An ogre (D:5)
  A hound (D:5)
  A jelly (D:4)
  Jessica (D:3)
  3 iguanas
  8 adders
  A white imp (D:5)
  2 ufetubi
  A worm (D:4)
  3 dart slugs
  2 orcs (D:5)
  7 ball pythons
  5 bats
  11 endoplasms
  4 giant cockroaches
  6 goblins
  7 hobgoblins
  4 jackals
  6 kobolds
  4 quokkas
  4 frilled lizards
  2 rats
88 creatures vanquished.

Vanquished Creatures (others)
  5 plants
5 creatures vanquished.

Grand Total: 93 creatures vanquished

Notes
Turn   | Place    | Note
-------+----------+-------------------------------------------
     0 | D:1      | Muataran the Hill Orc Fighter began the quest for the Orb.
     0 | D:1      | Reached XP level 1. HP: 19/19 MP: 1/1
    75 | D:1      | Reached skill level 3 in Axes
    81 | D:1      | Reached XP level 2. HP: 27/27 MP: 2/2
   326 | D:1      | Reached XP level 3. HP: 28/33 MP: 3/3
   884 | D:2      | Found a bloodstained altar of Trog.
   946 | D:2      | Reached skill level 4 in Axes
   946 | D:2      | Reached XP level 4. HP: 40/40 MP: 4/4
  1620 | D:3      | Found a faded altar of an unknown god.
  1842 | D:3      | Found a shimmering blue altar of Sif Muna.
  1852 | D:3      | Noticed Jessica
  1859 | D:3      | Killed Jessica
  2524 | D:3      | Found a basalt altar of Yredelemnul.
  2524 | D:3      | Found a stormy altar of Qazlal.
  2599 | D:3      | Became a worshipper of Qazlal Stormbringer
  2684 | D:4      | Reached XP level 5. HP: 47/47 MP: 5/5
  2687 | D:4      | Reached skill level 1 in Invocations
  2789 | D:4      | Found a runed translucent gate.
  2789 | D:4      | Noticed gabagool's ghost (amateur KoHu)
  2790 | D:4      | Found a runed translucent gate.
  2791 | D:4      | Found a runed translucent gate.
  2883 | D:4      | Reached skill level 5 in Axes
  3153 | D:4      | Reached XP level 6. HP: 46/53 MP: 7/7
  3211 | D:4      | Noticed a black bear
  3216 | D:4      | Killed a black bear
  3586 | D:4      | Found a roughly hewn altar of Beogh.
  3602 | D:5      | Entered Level 5 of the Dungeon
  3719 | D:5      | Reached * piety under Qazlal
  3720 | D:5      | Reached skill level 5 in Fighting
  3720 | D:5      | Reached skill level 6 in Axes
  3791 | D:5      | Reached XP level 7. HP: 61/61 MP: 9/9
  4220 | D:5      | Reached skill level 7 in Axes
  4220 | D:5      | Reached skill level 5 in Armour
  4220 | D:5      | Reached skill level 5 in Invocations
  4489 | D:6      | HP: 3/61 [electric eel/bolt of electricity (5)]
  4490 | D:6      | Killed from afar by an electric eel

Illustrated notes

Levels and vault maps discovered:
D:1:      dpeg_arrival_round_a, layout_rooms, st_stairs_8,
          hangedman_feature_mirror, palyth_stone_intersect
D:2:      layout_basic, serial_forest, infiniplex_forest_clump_small,
          infiniplex_forest_zigzag_1, infiniplex_forest_end_3,
          infiniplex_forest_lined_2, infiniplex_forest_lined_3,
          infiniplex_forest_end_3, infiniplex_forest_lined_1, basic_altar
D:3:      layout_basic, gammafunk_temple_overflow_forgotten,
          ebering_ecumenical_altar_box, uniq_jessica
D:4:      layout_layer_cave, biasface_ghost_orc_armoury
D:5:      layout_basic, nrook_mini_backslash
D:6:      layout_loops_ring, gammafunk_temple_overflow_statue,
          mainiacjoe_overflow_concentric_impassable,
          minmay_temple_entry_statues, serial_bayou, serial_bayou_pond_a,
          serial_bayou_pond_c, serial_bayou_ford_a, serial_bayou_crossing,
          kennysheep_small_circle

Skill      XL: |  1  2  3  4  5  6  7 |
---------------+----------------------+-----
Axes           | 3 4 5 6 7 |  7.1
Fighting       | 4 5 |  5.6
Armour         | 4 5 |  5.1
Shields        | 4 |  4.0
Invocations    | 2 3 5 |  5.2

Action                   |  1- 3 |  4- 6 |  7- 9 || total
-------------------------+-------+-------+-------++-------
Melee: War axe           |    93 |    66 |    19 ||   178
  Use: Scroll            |     8 |       |       ||     8
 Stab: Distracted        |       |     1 |       ||     1
Armor: Scale mail        |    41 |    16 |     7 ||    64
Dodge: Dodged            |    52 |    22 |    11 ||    85
Block: Buckler           |    22 |    13 |     4 ||    39

Table legend: (Time is in decaauts)
 A = Elapsed time spent in this place.
 B = Non-inter-level travel time spent in this place.
 C = Inter-level travel time spent in this place.
 D = Time resting spent in this place.
 E = Time spent auto-exploring this place.
 F = Levels seen in this place.
 G = Mean time per level.
                   A        B        C        D        E       F      G
               +--------+--------+--------+--------+--------+-----+--------+
         Total |   4549 |   4350 |    199 |     81 |   3690 |   6 |  758.2 |
       Dungeon |   4549 |   4350 |    199 |     81 |   3690 |   6 |  758.2 |
               +--------+--------+--------+--------+--------+-----+--------+

Top non-repeatable levels by time:
     D:3: 1084 daAuts
     D:4: 941 daAuts
     D:2: 927 daAuts
     D:5: 795 daAuts
     D:1: 698 daAuts
     D:6: 101 daAuts
